[Event "ICC tourney 1987 (15 5)"]
[Site "Internet Chess Club"]
[Date "2020.08.30"]
[Round "4"]
[White "clair"]
[Black "chessmilano"]
[Result "0-1"]
[ICCResult "White checkmated"]
[WhiteElo "1704"]
[BlackElo "1739"]
[Opening "Queen's pawn: London system"]
[ECO "A45"]
[NIC "QP.07"]
[Time "15:01:41"]
[TimeControl "900+5"]

1. d4 Nf6 2. Bf4 d5 3. e3 e6 4. Nf3 Bd6 5. Bg3 O-O 6. Bd3 c5 7. c3 Nc6 8.
Ne5 cxd4 9. exd4 Qc7 10. f4 Ne4 11. O-O Nxg3 12. hxg3 Qb6 13. Qc2 h6 14. Nd2
Nxe5 15. fxe5 Bxe5 16. Nf3 Bxg3 17. Rab1 Bd7 18. Kh1 Bb5 19. Nd2 Rac8 20.
Rf3 Bh4 21. Rh3 Bf6 22. Bh7+ Kh8 23. Bd3 Bxd4 24. Qd1 Bxd3 25. Rxd3 Be3 26.
Nf3 Bf4 27. Qf1 Rc4 28. Nh4 Kg8 29. g3 Bxg3 30. Rxg3 Rxh4+ 31. Kg2 Qd6 32.
Qf6 Qxg3+ 33. Kxg3 gxf6 34. Kxh4 Kh7 35. Rf1 f5 36. Rf4 Rg8 37. Rf2 Rg4+ 38.
Kh3 Kg6 39. b3 Kg5 40. a4 a5 41. Rc2 f4 42. c4 Rg3+ 43. Kh2 Rxb3 44. cxd5
exd5 45. Rc5 Kg4 46. Rxd5 b6 47. Rd7 Rb4 48. Rxf7 Rxa4 49. Rf6 Ra2+ 50. Kg1
h5 51. Rxb6 a4 52. Rg6+ Kf5 53. Rh6 Ra1+ 54. Kf2 Kg5 55. Ra6 a3 56. Ra8 a2
57. Rg8+ Kf6 58. Rf8+ Kg5 59. Rg8+ Kh4 60. Ra8 Rh1 61. Kf3 Rf1+ 62. Kg2 a1=Q
63. Rxa1 Rxa1 64. Kf3 Kg5 65. Kg2 Ra3 66. Kf2 Kg4 67. Kg2 Rg3+ 68. Kh2 f3
69. Kh1 f2 70. Kh2 Kf3 71. Kh1 Rh3# {White checkmated} 0-1

[Event "ICC tourney 1987 (15 5)"]
[Site "Internet Chess Club"]
[Date "2020.08.30"]
[Round "4"]
[White "Averyyu321"]
[Black "Monkeybomb3605"]
[Result "0-1"]
[ICCResult "White checkmated"]
[WhiteElo "1776"]
[BlackElo "1991"]
[Opening "Sicilian: Prins (Moscow) variation"]
[ECO "B55"]
[NIC "SI.01"]
[Time "15:01:42"]
[TimeControl "900+5"]

1. e4 c5 2. Nf3 d6 3. d4 cxd4 4. Nxd4 Nf6 5. f3 Nc6 6. c4 e6 7. Nc3 Be7 8.
Be3 O-O 9. Be2 d5 10. cxd5 exd5 11. exd5 Nb4 12. O-O Nbxd5 13. Nxd5 Nxd5 14.
Bf2 Bf6 15. Qd2 Re8 16. Rfd1 Qe7 17. Bc4 Nb6 18. Qc2 Bd7 19. Rac1 Rac8 20.
Qd3 Nxc4 21. Rxc4 Rcd8 22. Qc2 Be5 23. Re1 Qf6 24. Qd2 Bf4 25. Rxe8+ Rxe8
26. Qd1 Qh6 27. Bg3 Be3+ 28. Kf1 Qa6 29. Qb3 Bxd4 30. Qd3 Bb5 31. Qxd4 Bxc4+
32. Kg1 Qb6 33. Qxb6 axb6 34. b3 Bd3 35. Bf2 b5 36. g3 Bb1 37. a3 Re2 38. a4
bxa4 39. bxa4 Ra2 40. Kf1 Bd3+ 41. Ke1 Re2+ 42. Kd1 Rxf2 43. a5 Rxh2 44. a6
bxa6 45. f4 a5 46. f5 a4 47. g4 a3 48. g5 a2 49. f6 a1=Q# {White checkmated}
0-1

[Event "ICC tourney 1987 (15 5)"]
[Site "Internet Chess Club"]
[Date "2020.08.30"]
[Round "4"]
[White "LChessMaster"]
[Black "rjc64uk"]
[Result "1/2-1/2"]
[ICCResult "Game drawn by mutual agreement"]
[WhiteElo "1619"]
[BlackElo "2056"]
[Opening "Bogo-Indian defense, Nimzovich variation"]
[ECO "E11"]
[NIC "QI.01"]
[Time "15:01:46"]
[TimeControl "900+5"]

1. d4 Nf6 2. Nf3 e6 3. c4 Bb4+ 4. Bd2 Qe7 5. a3 Bxd2+ 6. Nbxd2 d6 7. e3 Nbd7
8. b4 O-O 9. Bd3 e5 10. dxe5 dxe5 11. Bc2 a5 12. b5 Nc5 13. O-O h6 14. Nb3
Nce4 15. Bxe4 Nxe4 16. Qd5 Nd6 17. Nxe5 Be6 18. Qc5 b6 19. Qc6 Qf6 20. Nd7
Bxd7 21. Qxd7 Nxc4 22. Qxc7 Rac8 23. Qf4 Qc3 24. Nd4 Nxa3 25. Nc6 Kh8 26.
Qa4 Nxb5 27. Rac1 {Game drawn by mutual agreement} 1/2-1/2

[Event "ICC tourney 1987 (15 5)"]
[Site "Internet Chess Club"]
[Date "2020.08.30"]
[Round "4"]
[White "GGuseinov"]
[Black "tedchen"]
[Result "0-1"]
[ICCResult "White resigns"]
[WhiteElo "2676"]
[BlackElo "2363"]
[Opening "Philidor's defense"]
[ECO "B07"]
[NIC "KP.08"]
[Time "15:02:06"]
[TimeControl "900+5"]

1. e4 d6 2. d4 e5 3. Nf3 Nc6 4. Bb5 exd4 5. Nxd4 Bd7 6. Nc3 Nge7 7. O-O Nxd4
8. Bxd7+ Qxd7 9. Qxd4 Nc6 10. Qe3 g6 11. Nd5 Bg7 12. Qb3 O-O-O 13. Bg5 Rdf8
14. Bf6 Bxf6 15. Nxf6 Qe6 16. Qc3 Qe5 17. Qh3+ Qe6 18. Qh4 h6 19. f4 Kb8 20.
c3 a6 21. Rf2 Ne7 22. Re1 Nf5 23. Qh3 Qxf6 24. exf5 Qxf5 25. Qxf5 gxf5 26.
Rd2 Re8 27. Rxe8+ Rxe8 28. Rd5 Re1+ 29. Kf2 Rb1 30. Rxf5 Rxb2+ 31. Kf3 Rxa2
32. Rxf7 a5 33. f5 b5 34. h4 b4 35. cxb4 axb4 36. Re7 b3 37. Re3 b2 38. Rb3+
Kc8 39. Kg4 c5 40. f6 Kd7 41. Kf5 c4 42. Rb7+ Kc6 43. Rb8 Ra5+ 44. Kg4 c3
45. f7 h5+ 46. Kf4 c2 47. f8=Q c1=Q+ 48. Kg3 Qe1+ 49. Kh3 Ra3+ 50. Kh2
{White resigns}
0-1

[Event "ICC tourney 1987 (15 5)"]
[Site "Internet Chess Club"]
[Date "2020.08.30"]
[Round "4"]
[White "ulanru2020"]
[Black "Aidenrchess"]
[Result "0-1"]
[ICCResult "White resigns"]
[WhiteElo "2134"]
[BlackElo "2092"]
[Opening "Réti opening"]
[ECO "A05"]
[NIC "QP.11"]
[Time "15:01:46"]
[TimeControl "900+5"]

1. Nf3 Nf6 2. b3 b6 3. Bb2 Bb7 4. c4 c5 5. e3 e6 6. Be2 Be7 7. Nc3 Nc6 8. a3
O-O 9. Qc2 d5 10. cxd5 exd5 11. O-O d4 12. Nb1 Qd6 13. d3 Ne5 14. Nxe5 Qxe5
15. e4 b5 16. Nd2 Rac8 17. a4 a6 18. axb5 axb5 19. f4 Qe6 20. Ra7 Rc7 21.
Bxd4 Qb6 22. Be5 Qxa7 23. Bxc7 c4+ 24. Kh1 Qe3 25. Nxc4 bxc4 26. bxc4 Qc5
27. Be5 Rd8 28. Ba1 Bc8 29. f5 Bb7 30. h3 Bd6 31. Qb2 Ba8 32. e5 Rb8 33. Qc3
Qe3 34. Bf3 Nh5 35. Re1 Ng3+ 36. Kh2 Qf4 37. Kg1 Bb4 38. Qb2 Bc5+ 39. d4
Rxb2 40. Bxb2 {White resigns} 0-1

[Event "ICC tourney 1987 (15 5)"]
[Site "Internet Chess Club"]
[Date "2020.08.30"]
[Round "4"]
[White "MasterZachary"]
[Black "Aleksandrov73"]
[Result "1-0"]
[ICCResult "Black forfeits on time"]
[WhiteElo "2337"]
[BlackElo "2666"]
[Opening "Giuoco Piano"]
[ECO "C54"]
[NIC "IG.02"]
[Time "15:02:17"]
[TimeControl "900+5"]

1. e4 e5 2. Nf3 Nc6 3. Bc4 Bc5 4. c3 Nf6 5. d3 d6 6. Nbd2 O-O 7. Nf1 Ne7 8.
Ng3 Ng6 9. O-O Bb6 10. h3 c6 11. Bb3 Re8 12. Nh2 d5 13. Bg5 h6 14. Bxf6 Qxf6
15. exd5 Nf4 16. Nh5 Qg6 17. Nxf4 exf4 18. Qf3 Bf5 19. dxc6 Bxd3 20. cxb7
Rab8 21. Rfe1 Be4 22. Qg4 Qxg4 23. Nxg4 Kf8 24. Rad1 f5 25. Rd7 Re7 26. Rxe7
Kxe7 27. Bd5 fxg4 28. hxg4 Kd6 29. Bxe4 a5 30. Kf1 Ba7 31. Rd1+ Kc7 32. Ke2
g5 33. a4 Re8 34. f3 Re6 35. b4 Ra6 36. b5 Re6 37. c4 Re8 38. Rd5
{Black forfeits on time}
1-0

[Event "ICC tourney 1987 (15 5)"]
[Site "Internet Chess Club"]
[Date "2020.08.30"]
[Round "4"]
[White "cooljay"]
[Black "kansashog"]
[Result "1-0"]
[ICCResult "Black forfeits on time"]
[WhiteElo "2056"]
[BlackElo "1842"]
[Opening "Sicilian: Najdorf, Byrne (English) attack"]
[ECO "B90"]
[NIC "SI.14"]
[Time "15:01:52"]
[TimeControl "900+5"]

1. e4 c5 2. Nf3 d6 3. d4 cxd4 4. Nxd4 Nf6 5. Nc3 a6 6. Be3 e5 7. Nb3 Be6 8.
f3 Be7 9. Qd2 Nbd7 10. O-O-O O-O 11. g4 b5 12. g5 Nh5 13. Rg1 Nb6 14. Na5
Qc7 15. Nd5 Nxd5 16. exd5 Bd7 17. Bd3 g6 18. Be4 Rfc8 19. Nc6 Bf8 20. f4
exf4 21. Bxf4 Re8 22. Bf3 Nxf4 23. Qxf4 Bf5 24. Kb1 Bg7 25. h4 a5 26. h5 b4
27. Bg4 Re4 28. Qf3 Rxg4 29. Rxg4 Bxg4 30. Qxg4 Re8 31. Rf1 Qb7 32. hxg6
hxg6 33. Qh4 {Black forfeits on time} 1-0

[Event "ICC tourney 1987 (15 5)"]
[Site "Internet Chess Club"]
[Date "2020.08.30"]
[Round "4"]
[White "Joelpaulg"]
[Black "espark"]
[Result "0-1"]
[ICCResult "White resigns"]
[WhiteElo "2117"]
[BlackElo "2332"]
[Opening "Queen's pawn: London system"]
[ECO "A45"]
[NIC "QP.07"]
[Time "15:01:45"]
[TimeControl "900+5"]

1. d4 Nf6 2. Bf4 d5 3. Nc3 e6 4. Nb5 Na6 5. e3 c6 6. Nc3 Nb8 7. Bd3 Bd6 8.
Qf3 Qc7 9. Qg3 Nh5 10. Bxd6 Nxg3 11. Bxc7 Nxh1 12. Nf3 Nd7 13. Ke2 Nxf2 14.
Kxf2 O-O 15. e4 b6 16. e5 a5 17. Bd6 Re8 18. a4 Ba6 19. Bxa6 Rxa6 20. Ke3 f6
21. Rf1 Raa8 22. Ne2 Rac8 23. Re1 Kf7 24. Kd3 Nf8 25. Rf1 Kg8 26. Nf4 Nd7
27. g4 Ra8 28. g5 f5 29. h4 Rac8 30. h5 Kh8 31. Rh1 Kg8 32. g6 h6 33. b3 c5
34. Rf1 Kh8 35. Rh1 Kg8 36. c3 Kh8 37. c4 dxc4+ 38. bxc4 cxd4 39. Nxd4 Nc5+
40. Bxc5 Rxc5 41. Re1 Rec8 42. Nfxe6 Rxc4 43. Ke3 Rxa4 44. Kf4 Rb4 45. Kxf5
a4 46. Rd1 a3 47. Nf4 a2 48. Ra1 Rxd4 49. Rxa2 Rf8+ 50. Ke6 Rdxf4 51. Kd7
Rd4+ 52. Ke7 Rc8 53. Ra6 Rb8 54. e6 Kg8 55. Ra7 b5 56. Rd7 Rxd7+ 57. exd7 b4
{White resigns}
0-1

[Event "ICC tourney 1987 (15 5)"]
[Site "Internet Chess Club"]
[Date "2020.08.30"]
[Round "4"]
[White "IndianTerritory"]
[Black "MrNormalName"]
[Result "1-0"]
[ICCResult "Black checkmated"]
[WhiteElo "2041"]
[BlackElo "2179"]
[Opening "Giuoco Pianissimo"]
[ECO "C50"]
[NIC "IG.02"]
[Time "15:02:34"]
[TimeControl "900+5"]

1. e4 e5 2. Nf3 Nc6 3. Bc4 Bc5 4. d3 Nf6 5. c3 a6 6. b4 Ba7 7. Bg5 h6 8. Bh4
d6 9. O-O g5 10. Bg3 Bd7 11. a4 Qe7 12. Nbd2 h5 13. h4 g4 14. Ng5 Be6 15. b5
Nd8 16. Nxe6 Nxe6 17. bxa6 bxa6 18. Bxa6 Bxf2+ 19. Rxf2 Rxa6 20. Nc4 Nd7 21.
Ne3 Ndc5 22. Nd5 Qf8 23. Nf6+ Kd8 24. d4 exd4 25. cxd4 Nd7 26. Nxd7 Kxd7 27.
Qf1 Qa8 28. Rxf7+ Kc8 29. Qf5 Re8 30. d5 Ra5 31. Qxe6+ Kb7 32. Rxc7+ Kxc7
33. Qxd6+ Kb7 34. Rb1+ Rb5 35. Rxb5+ Ka7 36. Qc7+ Ka6 37. Qa5#
{Black checkmated}
1-0

[Event "ICC tourney 1987 (15 5)"]
[Site "Internet Chess Club"]
[Date "2020.08.30"]
[Round "4"]
[White "Zwish"]
[Black "town"]
[Result "0-1"]
[ICCResult "White checkmated"]
[WhiteElo "1942"]
[BlackElo "2134"]
[Opening "Anderssen's opening"]
[ECO "A00"]
[NIC "VO.14"]
[Time "15:01:42"]
[TimeControl "900+5"]

1. a3 e5 2. c4 Nf6 3. e3 d5 4. cxd5 Nxd5 5. Nf3 Nc6 6. Qc2 Bd6 7. b4 a6 8.
Bb2 O-O 9. Be2 Kh8 10. d3 f5 11. Nbd2 Qe7 12. O-O Bd7 13. Rfe1 Rae8 14. Bf1
e4 15. Nd4 Nf6 16. Nc4 Bxh2+ 17. Kxh2 Ng4+ 18. Kg3 Qg5 19. f4 Qh5 20. Nf3
exf3 21. gxf3 Nf6 22. Bg2 Qg6+ 23. Kf2 Nh5 24. Rh1 Qg3+ 25. Kg1 Nf6 26. Rh3
Qg6 27. Kf2 Be6 28. Rah1 h6 29. Rg3 Qf7 30. Ne5 Nxe5 31. fxe5 Nd5 32. f4 c6
33. Bf3 Qd7 34. Rhg1 Re7 35. Bd4 Nxf4 36. Kf1 Nd5 37. Bc5 Ref7 38. Bxd5 Bxd5
39. Bxf8 Rxf8 40. d4 f4 41. exf4 Rxf4+ 42. Ke1 Re4+ 43. Kf2 Qf7+ 44. Rf3 Rf4
45. Rxf4 Qxf4+ 46. Ke1 Qe3+ 47. Kf1 Qf3+ 48. Qf2 Qd1+ 49. Qe1 Qxd4 50. Rg3
Qf4+ 51. Kg1 Qh4 52. Qe3 Qh1+ 53. Kf2 Qh2+ 54. Ke1 Qh1+ 55. Rg1 Qh4+ 56. Kd2
Qh2+ 57. Kc3 Qa2 58. Kd4 Qc4# {White checkmated} 0-1

[Event "ICC tourney 1987 (15 5)"]
[Site "Internet Chess Club"]
[Date "2020.08.30"]
[Round "4"]
[White "gardemarin13"]
[Black "Venom2020"]
[Result "1-0"]
[ICCResult "Black resigns"]
[WhiteElo "1960"]
[BlackElo "2078"]
[Opening "Sicilian: Grand Prix attack"]
[ECO "B23"]
[NIC "SI.44"]
[Time "15:01:45"]
[TimeControl "900+5"]

1. e4 c5 2. Nc3 Nc6 3. f4 g6 4. Nf3 Bg7 5. Bb5 Nd4 6. O-O e6 7. d3 Ne7 8.
Nxd4 cxd4 9. Ne2 O-O 10. Ba4 d6 11. Bb3 Kh8 12. Bd2 Nc6 13. Ng3 f5 14. Qe2
Bd7 15. Qf2 Qc7 16. a4 a5 17. Rfe1 Rae8 18. h4 h5 19. Qf3 Kh7 20. exf5 exf5
21. Nxh5 gxh5 22. Qxh5+ Bh6 23. Bf7 Rxe1+ 24. Rxe1 Rxf7 25. Qxf7+ Bg7 26.
Re8 Nd8 27. Qg8+ Kh6 28. Rxd8 Bxa4 29. Qe6+ Kh7 30. Qxf5+ Kh6 31. h5
{Black resigns}
1-0

[Event "ICC tourney 1987 (15 5)"]
[Site "Internet Chess Club"]
[Date "2020.08.30"]
[Round "4"]
[White "funplaychess"]
[Black "BreatheChessAls"]
[Result "1-0"]
[ICCResult "Black forfeits on time"]
[WhiteElo "2352"]
[BlackElo "1969"]
[Opening "QGD Slav: Dutch variation"]
[ECO "D18"]
[NIC "SL.04"]
[Time "15:01:45"]
[TimeControl "900+5"]

1. d4 d5 2. c4 c6 3. Nf3 Nf6 4. Nc3 dxc4 5. a4 Bf5 6. e3 e6 7. Bxc4 Nbd7 8.
O-O Be7 9. Qe2 Ne4 10. Bd3 Nxc3 11. bxc3 Bxd3 12. Qxd3 O-O 13. Rd1 Bf6 14.
Ba3 Be7 15. a5 Bxa3 16. Rxa3 b6 17. Rda1 b5 18. Qe4 Rc8 19. c4 Nf6 20. Qc2
bxc4 21. Qxc4 Qd5 22. Rc1 h6 23. Ne5 Qd6 24. Qc5 Qxc5 25. Rxc5 Ne4 26. Rxc6
f6 27. Rxc8 Rxc8 28. Nd3 Rc3 29. Rxc3 Nxc3 30. Nb4 Kf7 31. f3 Nd1 32. Nc6 a6
33. e4 Ke8 34. Kf1 Kd7 35. Nb8+ Kd6 36. Ke2 Nb2 37. Nxa6 Nc4 38. Nc5 Nxa5
39. Nd3 Nc4 40. Nf4 g5 41. Nh5 Ke7 42. Kd3 Nb6 43. g4 Nd7 44. Kc4 Nf8 45.
Kc5 Ng6 46. Kc6 Nh4 47. Kc7 Nxf3 48. d5 exd5 49. exd5 Ne5 50. d6+ Ke6 51.
Ng7+ Kf7 52. Nf5 Ke6 53. Nxh6 Nd7 54. Nf5 Ne5 55. h3 {Black forfeits on
time} 1-0

[Event "ICC tourney 1987 (15 5)"]
[Site "Internet Chess Club"]
[Date "2020.08.30"]
[Round "4"]
[White "rychessmaster1"]
[Black "marble"]
[Result "0-1"]
[ICCResult "White resigns"]
[WhiteElo "2138"]
[BlackElo "2355"]
[Opening "Robatsch defense: two knights, Suttles variation"]
[ECO "A40"]
[NIC "KF.05"]
[Time "15:01:38"]
[TimeControl "900+5"]

1. d4 g6 2. e4 Bg7 3. Nf3 d6 4. Nc3 c6 5. a4 Bg4 6. Be2 d5 7. exd5 cxd5 8.
Bf4 Nc6 9. O-O Nf6 10. Re1 O-O 11. h3 Bxf3 12. Bxf3 e6 13. Qd2 a6 14. Rad1
Qb6 15. Bd6 Nxd4 16. Bxf8 Nxf3+ 17. gxf3 Rxf8 18. b3 Rc8 19. Ne2 Nd7 20. Kg2
Ne5 21. Nd4 h6 22. Qe3 Nd7 23. Re2 e5 24. Nf5 gxf5 25. Rxd5 Qg6+ 26. Kh2 Nf8
27. Rd1 Qh5 28. Rg1 Ng6 29. Rd2 Kh7 30. c4 Nh4 31. Rd3 e4 32. fxe4 f4 33.
Rxg7+ Kxg7 34. Qxf4 Ng6 35. Rg3 Rc5 36. Qe3 Rg5 37. Qd4+ Kh7 38. Qf6 Ne5 39.
Rxg5 Qxg5 40. Qxg5 hxg5 41. Kg3 Nd3 42. f3 a5 43. Kg4 Kg6 44. h4 gxh4 45.
Kxh4 Nc5 46. Kg4 Nxb3 47. e5 Nd2 48. f4 f5+ 49. exf6 Kxf6 50. f5 Nxc4 51.
Kf4 Nb2 52. Ke4 Nxa4 {White resigns} 0-1

[Event "ICC tourney 1987 (15 5)"]
[Site "Internet Chess Club"]
[Date "2020.08.30"]
[Round "4"]
[White "sanjayrame"]
[Black "JosephLevine"]
[Result "0-1"]
[ICCResult "White checkmated"]
[WhiteElo "2049"]
[BlackElo "2174"]
[Opening "French: exchange variation"]
[ECO "C01"]
[NIC "FR.01"]
[Time "15:01:39"]
[TimeControl "900+5"]

1. e4 e6 2. d4 d5 3. exd5 exd5 4. Bd3 Bd6 5. Ne2 Nf6 6. O-O O-O 7. Bf4 Bg4
8. f3 Bh5 9. Qd2 Bg6 10. Nbc3 Bxd3 11. Qxd3 c6 12. Rfe1 Re8 13. Bxd6 Qxd6
14. Ng3 Rxe1+ 15. Rxe1 g6 16. Re3 Nbd7 17. Qe2 Qb4 18. Qd3 Qxb2 19. h4 h5
20. f4 Qc1+ 21. Nd1 Ng4 22. Ne2 Qb1 23. Rf3 f5 24. Ng3 Re8 25. Rf1 Ndf6 26.
Ne3 Qb4 27. c3 Qe7 28. Nexf5 gxf5 29. Nxf5 Qe2 30. Nh6+ Kg7 31. Nf5+ Kf8 32.
Qb1 Qe4 33. Qb4+ Kg8 34. Nd6 Qe3+ 35. Kh1 Qg3 36. Rf3 Qh2# {White
checkmated} 0-1

[Event "ICC tourney 1987 (15 5)"]
[Site "Internet Chess Club"]
[Date "2020.08.30"]
[Round "4"]
[White "jy2020"]
[Black "Slypawn"]
[Result "1-0"]
[ICCResult "Black resigns"]
[WhiteElo "2241"]
[BlackElo "2110"]
[Opening "Ruy Lopez: Anderssen variation"]
[ECO "C77"]
[NIC "RL.12"]
[Time "15:02:08"]
[TimeControl "900+5"]

1. e4 e5 2. Nf3 Nc6 3. Bb5 a6 4. Ba4 Nf6 5. d3 b5 6. Bb3 Bc5 7. Nc3 O-O 8.
Nd5 Na5 9. Bg5 Nxb3 10. axb3 Be7 11. Nxe7+ Qxe7 12. O-O d6 13. h3 h6 14.
Bxf6 Qxf6 15. Nd2 g5 16. c4 Bd7 17. Re1 Qg6 18. Nf1 f5 19. d4 exd4 20. Qxd4
fxe4 21. Qxe4 Qxe4 22. Rxe4 Bc6 23. Re2 Bb7 24. Rae1 Bc6 25. Re6 Kg7 26. Ng3
Rae8 27. Re7+ Rxe7 28. Rxe7+ Rf7 29. Nf5+ Kf6 30. Rxf7+ Kxf7 31. Nxh6+ Kg6
32. Ng4 Be4 33. Ne3 c6 34. f3 Bb1 35. Nf1 Kf5 36. Kf2 d5 37. cxd5 cxd5 38.
Nd2 Bc2 39. Ke3 Ke5 40. g3 d4+ 41. Kf2 a5 42. b4 a4 43. Ke2 Bf5 44. h4 g4
45. h5 Kd5 46. h6 Ke5 47. fxg4 Bxg4+ 48. Kf2 Bf5 49. Nf3+ Kd5 50. g4 Bg6 51.
g5 Kc4 52. Ne5+ {Black resigns} 1-0

[Event "ICC tourney 1987 (15 5)"]
[Site "Internet Chess Club"]
[Date "2020.08.30"]
[Round "5"]
[White "tedchen"]
[Black "MasterZachary"]
[Result "1/2-1/2"]
[ICCResult "Game drawn by mutual agreement"]
[WhiteElo "2362"]
[BlackElo "2338"]
[Opening "Queen's gambit accepted"]
[ECO "D20"]
[NIC "QG.03"]
[Time "16:01:44"]
[TimeControl "900+5"]

1. d4 d5 2. c4 dxc4 3. e3 e5 4. Bxc4 exd4 5. Nf3 Bb4+ 6. Bd2 Bxd2+ 7. Qxd2
Nc6 8. O-O Nf6 9. Nxd4 Nxd4 10. Qxd4 Qxd4 11. exd4 O-O 12. Nc3
{Game drawn by mutual agreement}
1/2-1/2

[Event "ICC tourney 1987 (15 5)"]
[Site "Internet Chess Club"]
[Date "2020.08.30"]
[Round "5"]
[White "JMLPS59"]
[Black "chesslin"]
[Result "0-1"]
[ICCResult "White checkmated"]
[WhiteElo "1158"]
[BlackElo "1940"]
[Opening "Robatsch (modern) defense"]
[ECO "B06"]
[NIC "KF.06"]
[Time "16:01:52"]
[TimeControl "900+5"]

1. e4 g6 2. Nc3 Bg7 3. Nf3 d6 4. Bb5+ c6 5. Bc4 Nf6 6. Ng5 d5 7. Nxf7 Kxf7
8. exd5 cxd5 9. Bb3 e6 10. O-O Rf8 11. d4 Nc6 12. Bf4 Kg8 13. Ba4 Ne4 14.
Nxe4 Rxf4 15. Nc3 Nxd4 16. Nb5 a6 17. Nxd4 Rxd4 18. Qg4 Rxg4 19. Bb3 Bxb2
20. Rab1 Bd4 21. Rbe1 Bd7 22. Re2 Qg5 23. h3 Rxg2+ 24. Kh1 Rf8 25. f4 Qg3
26. Rxg2 Qxh3+ 27. Rh2 Qxf1# {White checkmated} 0-1

[Event "ICC tourney 1987 (15 5)"]
[Site "Internet Chess Club"]
[Date "2020.08.30"]
[Round "5"]
[White "Slypawn"]
[Black "ulanru2020"]
[Result "0-1"]
[ICCResult "White resigns"]
[WhiteElo "2106"]
[BlackElo "2190"]
[Opening "Philidor: Improved Hanham variation"]
[ECO "B07"]
[NIC "PU.08"]
[Time "16:01:49"]
[TimeControl "900+5"]

1. e4 d6 2. d4 Nf6 3. Nc3 e5 4. Nf3 Nbd7 5. Bc4 Be7 6. O-O O-O 7. Re1 c6 8.
Bb3 Qc7 9. Qe2 exd4 10. Nxd4 Nc5 11. Be3 a5 12. a4 Nxb3 13. Nxb3 Re8 14. f3
Nd7 15. Qf2 Bf6 16. Bd4 Ne5 17. Rad1 Be6 18. Nd2 Qe7 19. f4 Ng4 20. Bxf6
Qxf6 21. Qf3 Qd4+ {White resigns} 0-1

[Event "ICC tourney 1987 (15 5)"]
[Site "Internet Chess Club"]
[Date "2020.08.30"]
[Round "5"]
[White "Aidenrchess"]
[Black "TjkTiger"]
[Result "1/2-1/2"]
[ICCResult "Game drawn by mutual agreement"]
[WhiteElo "2152"]
[BlackElo "2559"]
[Opening "Sicilian: Hungarian variation"]
[ECO "B34"]
[NIC "SI.43"]
[Time "16:02:37"]
[TimeControl "900+5"]

1. e4 c5 2. Nf3 g6 3. d4 cxd4 4. Nxd4 Bg7 5. Nc3 Nc6 6. Be3 Nf6 7. Nxc6 bxc6
8. e5 Ng8 9. f4 Nh6 10. Bc4 O-O 11. O-O d5 12. Bb3 a5 13. Na4 Rb8 14. Nc5 f6
15. c4 {Game drawn by mutual agreement} 1/2-1/2

[Event "ICC tourney 1987 (15 5)"]
[Site "Internet Chess Club"]
[Date "2020.08.30"]
[Round "5"]
[White "Qigongmaster"]
[Black "GGuseinov"]
[Result "0-1"]
[ICCResult "White resigns"]
[WhiteElo "2230"]
[BlackElo "2677"]
[Opening "King's Indian: 6.Be2"]
[ECO "E91"]
[NIC "KI.19"]
[Time "16:02:05"]
[TimeControl "900+5"]

1. Nf3 g6 2. d4 Bg7 3. e4 d6 4. c4 Nf6 5. Nc3 O-O 6. Be2 Bg4 7. Bg5 Nfd7 8.
O-O Nc6 9. d5 Bxf3 10. Bxf3 Nd4 11. g3 Nxf3+ 12. Qxf3 c6 13. Rad1 Rc8 14.
Qe2 Re8 15. dxc6 Rxc6 16. Nd5 Nb6 17. b3 Nxd5 18. exd5 Rc7 19. Rfe1 Qc8 20.
Kg2 Bc3 21. Bd2 Bxd2 22. Rxd2 Rc5 23. h3 a6 24. Qg4 Qxg4 25. hxg4 b5 26.
cxb5 axb5 27. Re4 Kf8 28. g5 Ra8 29. Rh4 Kg8 30. Re4 Ra7 31. Rde2 Rxd5 32.
Rxe7 Rxe7 33. Rxe7 Rxg5 34. Rb7 Kg7 35. Kf3 h5 36. Rb6 Rd5 37. Ke4 Rd2 38.
Rxb5 Rxa2 39. Ke3 Kf6 40. Rb7 Ke6 41. b4 g5 42. b5 Rb2 43. b6 f6 44. Kf3
Rb3+ 45. Ke4 Rb4+ 46. Ke3 Kf5 47. f3 Rb3+ 48. Ke2 Rb2+ 49. Ke3 g4 50. fxg4+
hxg4 51. Rb8 Rg2 52. Kd4 Rxg3 53. Kd5 Rb3 54. Kxd6 g3 55. Kc7 Kf4 56. b7 f5
57. Rf8 g2 58. Rg8 Kf3 59. Rg6 f4 60. Rb6 Rxb6 {White resigns} 0-1

[Event "ICC tourney 1987 (15 5)"]
[Site "Internet Chess Club"]
[Date "2020.08.30"]
[Round "5"]
[White "InfernoKing"]
[Black "cooljay"]
[Result "1-0"]
[ICCResult "Black resigns"]
[WhiteElo "2128"]
[BlackElo "2043"]
[Opening "Giuoco Pianissimo"]
[ECO "C24"]
[NIC "IG.04"]
[Time "16:01:43"]
[TimeControl "900+5"]

1. e4 e5 2. Bc4 Nf6 3. d3 Bc5 4. Nf3 Nc6 5. O-O d6 6. c3 a5 7. a4 O-O 8. h3
Be6 9. Nbd2 d5 10. exd5 Nxd5 11. Re1 Bb6 12. Nxe5 Qh4 13. d4 Nxe5 14. Rxe5
Nf4 15. Bxe6 fxe6 16. Nf3 Qf6 17. Bxf4 Qxf4 18. Rxe6 Qf7 19. Qe2 {Black
resigns} 1-0

[Event "ICC tourney 1987 (15 5)"]
[Site "Internet Chess Club"]
[Date "2020.08.30"]
[Round "5"]
[White "rjc64uk"]
[Black "VincentT2008"]
[Result "1-0"]
[ICCResult "Black resigns"]
[WhiteElo "2063"]
[BlackElo "1812"]
[Opening "Vienna: Paulsen variation"]
[ECO "C25"]
[NIC "VG.04"]
[Time "16:01:51"]
[TimeControl "900+5"]

1. e4 e5 2. Nc3 Nc6 3. g3 Nf6 4. Bg2 g6 5. Nge2 Bg7 6. O-O d6 7. d3 O-O 8.
h3 Ne8 9. f4 f5 10. fxe5 dxe5 11. Be3 Nf6 12. Kh2 Nd4 13. Qd2 Be6 14. Rae1
Qd7 15. Bg1 Rae8 16. Nxd4 exd4 17. Ne2 c5 18. exf5 Bxf5 19. g4 Be6 20. Nf4
Qd6 21. Kh1 Bd5 22. Bh2 Bxg2+ 23. Qxg2 Qd7 24. g5 Nh5 25. Nd5 Rxf1+ 26. Rxf1
Be5 27. Nf6+ Nxf6 28. gxf6 Bxh2 29. f7+ Kg7 30. fxe8=Q Qxe8 31. Qxh2
{Black resigns}
1-0

[Event "ICC tourney 1987 (15 5)"]
[Site "Internet Chess Club"]
[Date "2020.08.30"]
[Round "5"]
[White "Aleksandrov73"]
[Black "IndianTerritory"]
[Result "1/2-1/2"]
[ICCResult "Game drawn by mutual agreement"]
[WhiteElo "2651"]
[BlackElo "2056"]
[Opening "QGD Slav defense"]
[ECO "D10"]
[NIC "SL.01"]
[Time "16:01:49"]
[TimeControl "900+5"]

1. d4 c6 2. c4 d5 3. Nc3 Nf6 4. e3 Bf5 5. cxd5 cxd5 6. Qb3 Qd7 7. Nf3 e6 8.
Bb5 Nc6 9. Ne5 Qc8 10. Qa4 Nd7 11. Nxc6 a6 12. Ne5 axb5 13. Qxb5 Ra6 14. f3
f6 15. Nxd7 Qxd7 16. Qxd7+ Kxd7 17. Bd2 Rb6 18. Na4 Rc6 19. Ke2 Bc2 20. Nc3
Bb4 21. Rhc1 Bf5 22. Na4 Bc2 23. Nb6+ Rxb6 24. Rxc2 Bd6 25. h3 h5 26. e4
dxe4 27. fxe4 Ra8 28. a3 h4 29. Rd1 Rb3 30. Be3 Rc8 31. Rxc8 Rxb2+ 32. Rd2
Rxd2+ 33. Kxd2 Kxc8 34. a4 Kd7 35. Kd3 Bg3 36. Kc4 Kc6 37. Bd2 g6 38. d5+
exd5+ 39. exd5+ Kd6 40. Bb4+ Kc7 41. Bc3 f5 {Game drawn by mutual agreement}
1/2-1/2

[Event "ICC tourney 1987 (15 5)"]
[Site "Internet Chess Club"]
[Date "2020.08.30"]
[Round "5"]
[White "kansashog"]
[Black "hackerguru"]
[Result "1/2-1/2"]
[ICCResult "Game drawn by mutual agreement"]
[WhiteElo "1823"]
[BlackElo "1772"]
[Opening "English: closed system"]
[ECO "A25"]
[NIC "EO.17"]
[Time "16:01:48"]
[TimeControl "900+5"]

1. c4 e5 2. g3 Nc6 3. Bg2 g6 4. Nc3 Bg7 5. e3 d6 6. Nge2 f5 7. d4 Nf6 8. O-O
Bd7 9. Nd5 O-O 10. dxe5 Nxe5 11. Nxf6+ Qxf6 12. Qc2 c6 13. Bd2 Be6 14. b3
Rad8 15. Bc3 Qe7 16. Nf4 Bf7 17. Rad1 g5 18. Nd3 Bh5 19. f3 g4 20. Nxe5 dxe5
21. f4 exf4 22. Bxg7 Qxe3+ 23. Kh1 Kxg7 24. Rxf4 Rfe8 25. Rxd8 Rxd8 26. Qxf5
Qe8 27. Qf6+ Kg8 28. Qg5+ Bg6 29. Qf6 Rd7 30. Qb2 Rd1+ 31. Rf1 Rd7 32. c5
Re7 33. Qc1 Re2 34. Qc4+ Kh8 35. Qd4+ Kg8 36. Qc4+ Kg7 37. Qd4+ Kg8 38. Qc4+
Kg7 {Game drawn by mutual agreement} 1/2-1/2